| TOP OF THE 1ST |
|
Lexington Legends batting - Pitching for Charleston RiverDogs : RHP Travis Stump
|
|
Pitching: RHP Travis Stump
|
|
|
Batting: RHB Doug Carter
|
0-0: Ball 1-0: DOUBLE (Line Drive, 89D, EV 110.0 MPH)
|
|
Batting: SHB Ryoji Hiraoka
|
0-0: Ball 1-0: Ball 2-0: Called Strike 2-1: Ground out 6-3 (Groundball, 6, EV 85.6 MPH) Doug Carter to third
|
|
Batting: RHB Andy Urquhart
|
0-0: Ball 1-0: Swinging Strike 1-1: Called Strike 1-2: Ball 2-2: Foul Ball, location: 2F 2-2: Foul Ball, location: 2F 2-2: Strikes out swinging
|
|
Batting: LHB Robert Wilkins
|
0-0: Ball 1-0: Ball 2-0: Called Strike 2-1: Foul Ball, location: 2F 2-2: Strikes out looking
|
| Top of the 1st over - 0 runs, 1 hit, 0 errors, 1 left on base; Lexington 0 - Charleston 0 |
| BOTTOM OF THE 1ST |
|
Charleston RiverDogs batting - Pitching for Lexington Legends : RHP Howie Seidler
|
|
Pitching: RHP Howie Seidler
|
|
|
Batting: LHB Marc Durgin
|
0-0: Called Strike 0-1: Called Strike 0-2: Strikes out swinging
|
|
Batting: RHB Bryan Westray
|
0-0: Ball 1-0: Fly out, F8 (Flyball, 89M, EV 94.4 MPH)
|
|
Batting: LHB Sean Trueblood
|
0-0: Ball 1-0: Ball 2-0: SINGLE (Flyball, 78S, EV 96.9 MPH)
|
|
Batting: RHB Iften Olujimi
|
0-0: Ball 1-0: Ball 2-0: TRIPLE (Line Drive, 89XD, EV 113.1 MPH) Sean Trueblood scores
|
|
Batting: LHB Justin O'Neal
|
0-0: Called Strike 0-1: Ball 1-1: Foul Ball, location: 2F 1-2: Ball 2-2: Ball 3-2: SINGLE (Line Drive, 3D, EV 100.0 MPH) Iften Olujimi scores
|
|
Batting: RHB Alfredo Rodriguez
|
0-0: Ball Justin O'Neal steals 2nd base (no throw) 1-0: Ball 2-0: Ball 3-0: Called Strike 3-1: DOUBLE (Flyball, 89XD, EV 99.4 MPH) Justin O'Neal scores
|
|
Pitching: LHP Tyler Abraham
|
|
|
Batting: LHB Dale Anderson
|
0-0: Ball 1-0: Swinging Strike 1-1: Swinging Strike 1-2: Strikes out swinging
|
| Bottom of the 1st over - 3 runs, 4 hits, 0 errors, 1 left on base; Lexington 0 - Charleston 3 |
| TOP OF THE 2ND |
|
Lexington Legends batting - Pitching for Charleston RiverDogs : RHP Travis Stump
|
|
Batting: RHB Pete Deschamps
|
0-0: Called Strike 0-1: Ball 1-1: Ball 2-1: Ball 3-1: Called Strike 3-2: SINGLE (Groundball, 6MD, EV 105.6 MPH)
|
|
Batting: RHB Ben Garrett
|
0-0: Foul Ball, location: 2F 0-1: Ball 1-1: SINGLE (Groundball, 6MD, EV 102.5 MPH) Pete Deschamps to second
|
|
Batting: RHB Nate De Jongh
|
0-0: Foul Ball, location: 2F 0-1: Fielders Choice at 2nd, 4-6 (Groundball, 4, EV 106.9 MPH) Pete Deschamps to third
|
|
Batting: RHB Kunimatsu Oya
|
0-0: Called Strike 0-1: Called Strike Nate De Jongh is caught stealing 2nd base 2-4 0-2: Ball Passed Ball! Pete Deschamps scores 1-2: Strikes out swinging
|
| Top of the 2nd over - 1 run, 2 hits, 0 errors, 0 left on base; Lexington 1 - Charleston 3 |
| BOTTOM OF THE 2ND |
|
Charleston RiverDogs batting - Pitching for Lexington Legends : LHP Tyler Abraham
|
|
Batting: RHB Bill Nguyen-Tan
|
0-0: Ball 1-0: Called Strike 1-1: Ball 2-1: Foul Ball, location: 2F 2-2: Foul Ball, location: 2F 2-2: Ball 3-2: Strikes out looking
|
|
Batting: SHB Houston Phillips
|
0-0: Ball 1-0: Called Strike 1-1: Swinging Strike 1-2: Fly out, F4 (Line Drive, 4, EV 72.5 MPH)
|
|
Batting: LHB Marc Durgin
|
0-0: Called Strike 0-1: Foul Ball, location: 2F 0-2: Strikes out swinging
|
| Bottom of the 2nd over - 0 runs, 0 hits, 0 errors, 0 left on base; Lexington 1 - Charleston 3 |
| TOP OF THE 3RD |
|
Lexington Legends batting - Pitching for Charleston RiverDogs : RHP Travis Stump
|
|
Batting: RHB Eric Erickson
|
0-0: Foul Ball, location: 2F 0-1: Ball 1-1: Foul Ball, location: 2F 1-2: Ground out 3-1 (Groundball, 34S, EV 85.0 MPH)
|
|
Batting: RHB Doug Carter
|
0-0: Called Strike 0-1: Fly out, F8 (Flyball, 8LD, EV 91.2 MPH)
|
|
Batting: SHB Ryoji Hiraoka
|
0-0: Ball 1-0: Called Strike 1-1: Foul Ball, location: 2F 1-2: Strikes out looking
|
| Top of the 3rd over - 0 runs, 0 hits, 0 errors, 0 left on base; Lexington 1 - Charleston 3 |
| BOTTOM OF THE 3RD |
|
Charleston RiverDogs batting - Pitching for Lexington Legends : LHP Tyler Abraham
|
|
Pitching: LHP Hyoji Kawabata
|
|
|
Batting: RHB Bryan Westray
|
0-0: Ball 1-0: Ground out 5-3 (Groundball, 5S, EV 89.4 MPH)
|
|
Batting: LHB Sean Trueblood
|
0-0: Ball 1-0: Ball 2-0: Ball 3-0: Called Strike 3-1: Foul Ball, location: 2F 3-2: DOUBLE (Flyball, 89XD, EV 91.9 MPH)
|
|
Batting: RHB Iften Olujimi
|
0-0: Swinging Strike 0-1: Foul Ball, location: 2F 0-2: Strikes out swinging
|
|
Batting: LHB Justin O'Neal
|
0-0: Ball 1-0: Foul Ball, location: 2F 1-1: Ball 2-1: Swinging Strike 2-2: Ball 3-2: Foul Ball, location: 2F 3-2: Foul Ball, location: 2F 3-2: Base on Balls
|
|
Pitching: RHP Junsuke Abe
|
|
|
Batting: RHB Alfredo Rodriguez
|
0-0: Ball 1-0: Ball 2-0: Ball 3-0: Base on Balls Sean Trueblood to third Justin O'Neal to second
|
|
Batting: LHB Dale Anderson
|
0-0: Ball 1-0: Called Strike 1-1: Ground out 4-3 (Groundball, 4, EV 86.2 MPH)
|
| Bottom of the 3rd over - 0 runs, 1 hit, 0 errors, 3 left on base; Lexington 1 - Charleston 3 |
| TOP OF THE 4TH |
|
Lexington Legends batting - Pitching for Charleston RiverDogs : RHP Travis Stump
|
|
Batting: RHB Andy Urquhart
|
0-0: SINGLE (Groundball, 56S, EV 66.9 MPH) (infield hit)
|
|
Batting: LHB Robert Wilkins
|
0-0: Grounds into double play, 5-4-3 (Groundball, 56, EV 88.1 MPH)
|
|
Batting: RHB Pete Deschamps
|
0-0: Ball 1-0: Fly out, F9 (Flyball, 9, EV 94.4 MPH)
|
| Top of the 4th over - 0 runs, 1 hit, 0 errors, 0 left on base; Lexington 1 - Charleston 3 |
| BOTTOM OF THE 4TH |
|
Charleston RiverDogs batting - Pitching for Lexington Legends : RHP Junsuke Abe
|
|
Batting: RHB Bill Nguyen-Tan
|
0-0: SINGLE (Groundball, 6MD, EV 105.0 MPH)
|
|
Batting: SHB Houston Phillips
|
0-0: Swinging Strike 0-1: Called Strike 0-2: Strikes out swinging
|
|
Batting: LHB Marc Durgin
|
0-0: 2-RUN HOME RUN (Flyball, 9LD, EV 95.0 MPH), Distance : 344 ft
|
|
Batting: RHB Bryan Westray
|
0-0: Called Strike 0-1: Ground out 4-3 (Groundball, 4, EV 83.8 MPH)
|
|
Batting: LHB Sean Trueblood
|
0-0: Ball 1-0: Ball 2-0: Ball 3-0: SOLO HOME RUN (Flyball, 78XD, EV 115.0 MPH), Distance : 445 ft
|
|
Pitching: RHP Joe Adelmann
|
|
|
Batting: RHB Iften Olujimi
|
0-0: Ball 1-0: Ball 2-0: Ball 3-0: Called Strike 3-1: Fly out, F8 (Flyball, 8LM, EV 86.9 MPH)
|
| Bottom of the 4th over - 3 runs, 3 hits, 0 errors, 0 left on base; Lexington 1 - Charleston 6 |
| TOP OF THE 5TH |
|
Lexington Legends batting - Pitching for Charleston RiverDogs : RHP Travis Stump
|
|
Batting: RHB Ben Garrett
|
0-0: Ball 1-0: Swinging Strike 1-1: Ball 2-1: Ball 3-1: Foul Ball, location: 2F 3-2: Strikes out looking
|
|
Batting: RHB Nate De Jongh
|
0-0: SINGLE (Groundball, 34S, EV 68.1 MPH) (infield hit)
|
|
Batting: RHB Kunimatsu Oya
|
0-0: Swinging Strike 0-1: Swinging Strike 0-2: Fielders Choice at 2nd, 4-6 (Groundball, 34, EV 80.6 MPH)
|
|
Batting: RHB Eric Erickson
|
0-0: Called Strike 0-1: Ball Kunimatsu Oya is caught stealing 2nd base 2-4
|
| Top of the 5th over - 0 runs, 1 hit, 0 errors, 0 left on base; Lexington 1 - Charleston 6 |
| BOTTOM OF THE 5TH |
|
Charleston RiverDogs batting - Pitching for Lexington Legends : RHP Joe Adelmann
|
|
Batting: LHB Justin O'Neal
|
0-0: Ground out 5-3 (Groundball, 56, EV 86.2 MPH)
|
|
Batting: RHB Alfredo Rodriguez
|
0-0: Called Strike 0-1: Foul Ball, location: 2F 0-2: SINGLE (Line Drive, 9S, EV 98.1 MPH)
|
|
Batting: LHB Dale Anderson
|
0-0: Ball 1-0: Foul Ball, location: 2F 1-1: Foul Ball, location: 2F 1-2: Foul Ball, location: 2F 1-2: Foul Ball, location: 2F 1-2: SINGLE (Groundball, 4MD, EV 99.4 MPH) Alfredo Rodriguez to second
|
|
Batting: RHB Bill Nguyen-Tan
|
0-0: Ball 1-0: Called Strike 1-1: Foul Ball, location: 2F 1-2: Strikes out swinging
|
|
Batting: SHB Houston Phillips
|
0-0: Ball 1-0: Called Strike 1-1: SINGLE (Groundball, 6, EV 100.0 MPH) Alfredo Rodriguez to third Dale Anderson to second Runner from 3rd tries for Home, throw by CF and OUT! 8-2
|
| Bottom of the 5th over - 0 runs, 3 hits, 0 errors, 2 left on base; Lexington 1 - Charleston 6 |
| TOP OF THE 6TH |
|
Lexington Legends batting - Pitching for Charleston RiverDogs : RHP Travis Stump
|
|
Batting: RHB Eric Erickson
|
0-0: Called Strike 0-1: Ball 1-1: Foul Ball, location: 2F 1-2: Strikes out swinging
|
|
Batting: RHB Doug Carter
|
0-0: Ground out 1-3 (Groundball, 34S, EV 66.9 MPH)
|
|
Batting: SHB Ryoji Hiraoka
|
0-0: Ball 1-0: Ball 2-0: Called Strike 2-1: Foul Ball, location: 2F 2-2: Strikes out swinging
|
| Top of the 6th over - 0 runs, 0 hits, 0 errors, 0 left on base; Lexington 1 - Charleston 6 |
| BOTTOM OF THE 6TH |
|
Charleston RiverDogs batting - Pitching for Lexington Legends : RHP Joe Adelmann
|
|
Batting: LHB Marc Durgin
|
0-0: Ball 1-0: Ball 2-0: Foul Ball, location: 2F 2-1: Foul Ball, location: 2F 2-2: Strikes out looking
|
|
Batting: RHB Bryan Westray
|
0-0: Foul Ball, location: 2F 0-1: DOUBLE (Line Drive, 78D, EV 113.1 MPH)
|
|
Batting: LHB Sean Trueblood
|
0-0: Ball 1-0: Ground out 6-3 (Groundball, 56D, EV 83.8 MPH)
|
|
Batting: RHB Iften Olujimi
|
0-0: Ball 1-0: Ball 2-0: Called Strike 2-1: Ball 3-1: Base on Balls
|
|
Batting: LHB Justin O'Neal
|
0-0: Foul Ball, location: 2F 0-1: Ball 1-1: Foul Ball, location: 2F 1-2: Foul Ball, location: 2F 1-2: Ball 2-2: Strikes out swinging
|
| Bottom of the 6th over - 0 runs, 1 hit, 0 errors, 2 left on base; Lexington 1 - Charleston 6 |
| TOP OF THE 7TH |
|
Lexington Legends batting - Pitching for Charleston RiverDogs : RHP Travis Stump
|
|
Batting: RHB Andy Urquhart
|
0-0: Foul Ball, location: 2F 0-1: Swinging Strike 0-2: Strikes out swinging
|
|
Batting: LHB Robert Wilkins
|
0-0: Ground out 5-3 (Groundball, 5, EV 106.2 MPH)
|
|
Batting: RHB Pete Deschamps
|
0-0: Ball 1-0: Ball 2-0: Ball 3-0: Called Strike 3-1: Ground out 6-3 (Groundball, 6, EV 83.8 MPH)
|
| Top of the 7th over - 0 runs, 0 hits, 0 errors, 0 left on base; Lexington 1 - Charleston 6 |
| BOTTOM OF THE 7TH |
|
Charleston RiverDogs batting - Pitching for Lexington Legends : RHP Joe Adelmann
|
|
Batting: RHB Alfredo Rodriguez
|
0-0: Called Strike 0-1: Ball 1-1: DOUBLE (Line Drive, 7LM, EV 106.2 MPH)
|
|
Batting: LHB Dale Anderson
|
0-0: Ball 1-0: Ball 2-0: Fly out, F5 (Popup, 5SF, EV 71.9 MPH)
|
|
Batting: RHB Bill Nguyen-Tan
|
0-0: Ball 1-0: Ball 2-0: Ball 3-0: Base on Balls
|
|
Batting: SHB Houston Phillips
|
0-0: Ball 1-0: Fly out, F8 (Flyball, 8LS, EV 85.6 MPH)
|
|
Batting: LHB Marc Durgin
|
0-0: Swinging Strike 0-1: Ball 1-1: SINGLE (Line Drive, 6MD, EV 100.0 MPH) Alfredo Rodriguez to third Bill Nguyen-Tan to second Runner from 3rd tries for Home, throw by CF and OUT! 8-2
|
| Bottom of the 7th over - 0 runs, 2 hits, 0 errors, 2 left on base; Lexington 1 - Charleston 6 |
| TOP OF THE 8TH |
|
Lexington Legends batting - Pitching for Charleston RiverDogs : RHP Travis Stump
|
|
Batting: RHB Ben Garrett
|
0-0: Called Strike 0-1: Foul Ball, location: 2F 0-2: Ball 1-2: Ground out 6-3 (Groundball, 56, EV 91.9 MPH)
|
|
Batting: RHB Nate De Jongh
|
0-0: Called Strike 0-1: Ball 1-1: Ground out 5-3 (Groundball, 5L, EV 81.9 MPH)
|
|
Batting: RHB Kunimatsu Oya
|
0-0: Called Strike 0-1: Ball 1-1: Ball 2-1: Foul Ball, location: 2F 2-2: Strikes out swinging
|
| Top of the 8th over - 0 runs, 0 hits, 0 errors, 0 left on base; Lexington 1 - Charleston 6 |
| BOTTOM OF THE 8TH |
|
Charleston RiverDogs batting - Pitching for Lexington Legends : RHP Joe Adelmann
|
|
Batting: RHB Bryan Westray
|
0-0: Ball 1-0: Ball 2-0: Called Strike 2-1: Foul Ball, location: 2F 2-2: Ball 3-2: Base on Balls
|
|
Pitching: LHP David Bearden
|
|
|
Batting: LHB Sean Trueblood
|
0-0: Ball Bryan Westray steals 2nd base 1-0: Ground out U3 (Groundball, 3L, EV 87.5 MPH) Bryan Westray to third
|
|
Batting: RHB Iften Olujimi
|
0-0: Ball 1-0: Ball 2-0: Foul Ball, location: 2F 2-1: SINGLE (Groundball, 4M, EV 101.9 MPH) (infield hit) Bryan Westray scores
|
|
Batting: LHB Justin O'Neal
|
0-0: Ball 1-0: Ball 2-0: Called Strike 2-1: Ball 3-1: Base on Balls Iften Olujimi to second
|
|
Batting: RHB Alfredo Rodriguez
|
0-0: Called Strike 0-1: Called Strike 0-2: Ground out 4-3 (Groundball, 4MS, EV 69.4 MPH) Iften Olujimi to third Justin O'Neal to second
|
|
Batting: LHB Dale Anderson
|
Balk! Iften Olujimi scores Justin O'Neal to third 0-0: 2-RUN HOME RUN (Flyball, 9LD, EV 95.0 MPH), Distance : 361 ft
|
|
Pinch Hitting: RHB Graham Murphy
|
0-0: Called Strike 0-1: Ball 1-1: Ball 2-1: Ball 3-1: Base on Balls
|
|
Batting: SHB Houston Phillips
|
0-0: Fly out, F7 (Flyball, 7D, EV 88.8 MPH)
|
| Bottom of the 8th over - 4 runs, 2 hits, 0 errors, 1 left on base; Lexington 1 - Charleston 10 |
| TOP OF THE 9TH |
|
Lexington Legends batting - Pitching for Charleston RiverDogs : RHP Travis Stump
|
|
Now in RF: Graham Murphy
|
|
|
Batting: RHB Eric Erickson
|
0-0: Fly out, F8 (Line Drive, 8RM, EV 104.4 MPH)
|
|
Batting: RHB Doug Carter
|
0-0: Called Strike 0-1: SINGLE (Groundball, 6MD, EV 100.0 MPH) (infield hit)
|
|
Batting: SHB Ryoji Hiraoka
|
0-0: Ball 1-0: Called Strike 1-1: Ball 2-1: Foul Ball, location: 2F 2-2: Hit by Pitch Doug Carter to second
|
|
Pitching: LHP Alex Pulido
|
|
|
Batting: RHB Andy Urquhart
|
0-0: Called Strike 0-1: Called Strike 0-2: Strikes out swinging
|
|
Batting: LHB Robert Wilkins
|
0-0: Fielders Choice at 2nd, 6-4 (Groundball, 6, EV 88.8 MPH)
|
| Top of the 9th over - 0 runs, 1 hit, 0 errors, 2 left on base; Lexington 1 - Charleston 10 |
|